NYP
MILWAUKEE (NYP) BREWERS @ BATAVIA MUCKDOGS
06/06/2049
 
TOP OF THE 1ST
Milwaukee (NYP) Brewers batting - Pitching for Batavia Muckdogs : RHP Sean Fowler
Pitching: RHP Sean Fowler
Batting: RHB Mohammed bin Ubaida 0-0: Ball
1-0: Ball
2-0: Ball
3-0: Called Strike
3-1: Ground out 6-3 (Groundball, 6, EV 103.8 MPH)
Batting: LHB Dusty Bryant 0-0: Ball
1-0: Swinging Strike
1-1: Foul Ball, location: 2F
1-2: Strikes out swinging
Batting: RHB Ryan Miller 0-0: Fly out, F9 (Flyball, 9LS, EV 76.9 MPH)
Top of the 1st over - 0 runs, 0 hits, 0 errors, 0 left on base; Milwaukee (NYP) 0 - Batavia 0
BOTTOM OF THE 1ST
Batavia Muckdogs batting - Pitching for Milwaukee (NYP) Brewers : RHP Jayden Whittick
Pitching: RHP Jayden Whittick
Batting: RHB Jeremy Dennis 0-0: Ball
1-0: Called Strike
1-1: Ground out 5-3 (Groundball, 56S, EV 90.0 MPH)
Batting: RHB Rick English 0-0: SINGLE (Line Drive, 9S, EV 104.4 MPH)
Batting: SHB Justin Corbett 0-0: Foul Ball, location: 2F
0-1: Ball
1-1: Fielders Choice at 2nd, 5-4 (Groundball, 6, EV 90.0 MPH)
Batting: RHB Justin Dunham 0-0: DOUBLE (Groundball, 5L, EV 104.4 MPH)
Justin Corbett to third
Batting: RHB Tony Ledezma 0-0: Ball
1-0: Foul Ball, location: 2F
1-1: Foul Ball, location: 2F
1-2: Foul Ball, location: 2F
1-2: Foul Ball, location: 2F
1-2: Foul Ball, location: 2F
1-2: Foul Ball, location: 2F
1-2: Strikes out looking
Bottom of the 1st over - 0 runs, 2 hits, 0 errors, 2 left on base; Milwaukee (NYP) 0 - Batavia 0
TOP OF THE 2ND
Milwaukee (NYP) Brewers batting - Pitching for Batavia Muckdogs : RHP Sean Fowler
Batting: RHB Alfredo Sena 0-0: Called Strike
0-1: Ball
1-1: Foul Ball, location: 2F
1-2: Ball
2-2: Ball
3-2: SOLO HOME RUN (Flyball, 7LD, EV 93.8 MPH), Distance : 335 ft
Batting: RHB Tony Beaumond 0-0: Ball
1-0: Ball
2-0: DOUBLE (Groundball, 3L, EV 103.8 MPH)
Batting: RHB Jose Cerritos 0-0: Ball
Tony Beaumond steals 3rd base
1-0: Ball
2-0: Swinging Strike
2-1: Ball
3-1: Called Strike
3-2: Foul Ball, location: 2F
3-2: Ground out 5-3 (Groundball, 56S, EV 85.0 MPH)
Tony Beaumond scores
Batting: SHB C.J. Olivares 0-0: Called Strike
0-1: Ball
1-1: Ball
2-1: Foul Ball, location: 2F
2-2: Foul Ball, location: 2F
2-2: Ball
3-2: Base on Balls
Batting: RHB Lorenzo Diaz 0-0: Ball
C.J. Olivares is caught stealing 2nd base 2-4
1-0: Swinging Strike
1-1: Ground out 5-3 (Groundball, 56, EV 90.6 MPH)
Top of the 2nd over - 2 runs, 2 hits, 0 errors, 0 left on base; Milwaukee (NYP) 2 - Batavia 0
BOTTOM OF THE 2ND
Batavia Muckdogs batting - Pitching for Milwaukee (NYP) Brewers : RHP Jayden Whittick
Batting: RHB Andy Kelly 0-0: Foul Ball, location: 2F
0-1: Ball
1-1: Ball
2-1: Ball
3-1: Called Strike
3-2: Base on Balls
Batting: RHB George Boivin 0-0: Ball
1-0: Swinging Strike
1-1: Ball
2-1: Fielders Choice at 2nd, 5-4 (Groundball, 56, EV 101.9 MPH)
Batting: RHB Hiromitsu Yamada 0-0: Foul Ball, location: 2F
0-1: Ball
1-1: Ball
Wild Pitch!
George Boivin to second
2-1: Swinging Strike
2-2: Ball
3-2: Strikes out swinging
Batting: RHB Calvin Morin 0-0: Ball
1-0: Swinging Strike
1-1: Ground out 5-3 (Groundball, 56S, EV 83.8 MPH)
Bottom of the 2nd over - 0 runs, 0 hits, 0 errors, 1 left on base; Milwaukee (NYP) 2 - Batavia 0
TOP OF THE 3RD
Milwaukee (NYP) Brewers batting - Pitching for Batavia Muckdogs : RHP Sean Fowler
Batting: RHB Chris Riddel 0-0: Foul Ball, location: 2F
0-1: Ball
1-1: Ball
2-1: Swinging Strike
2-2: Foul Ball, location: 2F
2-2: Strikes out looking
Batting: RHB Mohammed bin Ubaida 0-0: Called Strike
0-1: Foul Ball, location: 2F
0-2: Ball
1-2: SINGLE (Groundball, 56D, EV 101.2 MPH)
Batting: LHB Dusty Bryant 0-0: Ball
Mohammed bin Ubaida steals 2nd, throwing error, E2
Mohammed bin Ubaida to third
1-0: Foul Ball, location: 2F
1-1: Called Strike
1-2: Foul Ball, location: 2F
1-2: Strikes out swinging
Batting: RHB Ryan Miller 0-0: Swinging Strike
0-1: Ball
1-1: SINGLE (Line Drive, 7LS, EV 98.1 MPH)
Mohammed bin Ubaida scores
Batting: RHB Alfredo Sena 0-0: Foul Ball, location: 2F
0-1: Swinging Strike
0-2: Strikes out looking
Top of the 3rd over - 1 run, 2 hits, 1 error, 1 left on base; Milwaukee (NYP) 3 - Batavia 0
BOTTOM OF THE 3RD
Batavia Muckdogs batting - Pitching for Milwaukee (NYP) Brewers : RHP Jayden Whittick
Batting: RHB Jeremy Dennis 0-0: Foul Ball, location: 2F
0-1: Ground out 1-3 (Groundball, 15, EV 67.5 MPH)
Batting: RHB Rick English 0-0: Foul Ball, location: 2F
0-1: Ball
1-1: Foul Ball, location: 2F
1-2: Ball
2-2: Strikes out swinging
Batting: SHB Justin Corbett 0-0: Swinging Strike
0-1: Ball
1-1: Called Strike
1-2: Ball
2-2: Hit by Pitch
Batting: RHB Justin Dunham 0-0: Called Strike
0-1: Ball
1-1: SINGLE (Groundball, 56S, EV 71.9 MPH) (infield hit)
Justin Corbett to second
Batting: RHB Tony Ledezma 0-0: Called Strike
0-1: Ball
1-1: Foul Ball, location: 2F
1-2: Ball
2-2: Foul Ball, location: 2F
2-2: Foul Ball, location: 2F
2-2: SINGLE (Groundball, 6D, EV 103.1 MPH)
Justin Corbett to third
Justin Dunham to second
Runner from 3rd tries for Home, SAFE, throw by CF to home
Batting: RHB Andy Kelly 0-0: Called Strike
0-1: Ball
1-1: Ball
2-1: Called Strike
2-2: Strikes out swinging
Bottom of the 3rd over - 1 run, 2 hits, 0 errors, 2 left on base; Milwaukee (NYP) 3 - Batavia 1
TOP OF THE 4TH
Milwaukee (NYP) Brewers batting - Pitching for Batavia Muckdogs : RHP Sean Fowler
Batting: RHB Tony Beaumond 0-0: Foul Ball, location: 2F
0-1: Ball
1-1: Ground out 5-3 (Groundball, 56, EV 105.0 MPH)
Batting: RHB Jose Cerritos 0-0: Called Strike
0-1: Fly out, F8 (Flyball, 8RD, EV 90.0 MPH)
Batting: SHB C.J. Olivares 0-0: Called Strike
0-1: Ball
1-1: Foul Ball, location: 2F
1-2: Ball
2-2: Foul Ball, location: 2F
2-2: Ball
3-2: Foul Ball, location: 2F
3-2: Foul Ball, location: 2F
3-2: DOUBLE (Groundball, 5L, EV 107.5 MPH)
Batting: RHB Lorenzo Diaz 0-0: Called Strike
0-1: Ball
1-1: Foul Ball, location: 2F
1-2: Foul Ball, location: 2F
1-2: Ball
2-2: Fly out, F7 (Flyball, 78D, EV 91.9 MPH)
Top of the 4th over - 0 runs, 1 hit, 0 errors, 1 left on base; Milwaukee (NYP) 3 - Batavia 1
BOTTOM OF THE 4TH
Batavia Muckdogs batting - Pitching for Milwaukee (NYP) Brewers : RHP Jayden Whittick
Batting: RHB George Boivin 0-0: Swinging Strike
0-1: Ball
1-1: Reached on error, E1 (Groundball, 15S, EV 66.2 MPH)
Batting: RHB Hiromitsu Yamada 0-0: Called Strike
0-1: Ball
1-1: Called Strike
George Boivin steals 2nd base
1-2: Fly out, F9 (Flyball, 9, EV 76.9 MPH)
Batting: RHB Calvin Morin 0-0: Ball
1-0: Called Strike
1-1: Foul Ball, location: 2F
1-2: Ball
2-2: Foul Ball, location: 2F
2-2: Ball
3-2: Base on Balls
Pitching: RHP Omar Morales
Batting: RHB Jeremy Dennis 0-0: Grounds into double play, 3-6-3 (Groundball, 34, EV 108.1 MPH)
Bottom of the 4th over - 0 runs, 0 hits, 1 error, 1 left on base; Milwaukee (NYP) 3 - Batavia 1
TOP OF THE 5TH
Milwaukee (NYP) Brewers batting - Pitching for Batavia Muckdogs : RHP Sean Fowler
Batting: RHB Chris Riddel 0-0: Called Strike
0-1: Ground out 6-3 (Groundball, 6, EV 94.4 MPH)
Batting: RHB Mohammed bin Ubaida 0-0: Ball
1-0: Fly out, F8 (Flyball, 8RD, EV 91.9 MPH)
Batting: LHB Dusty Bryant 0-0: Ball
1-0: Swinging Strike
1-1: Swinging Strike
1-2: Strikes out swinging
Top of the 5th over - 0 runs, 0 hits, 0 errors, 0 left on base; Milwaukee (NYP) 3 - Batavia 1
BOTTOM OF THE 5TH
Batavia Muckdogs batting - Pitching for Milwaukee (NYP) Brewers : RHP Omar Morales
Batting: RHB Rick English 0-0: Ball
1-0: Swinging Strike
1-1: Ball
2-1: Foul Ball, location: 2F
2-2: Strikes out swinging
Batting: SHB Justin Corbett 0-0: Ball
1-0: Ball
2-0: Foul Ball, location: 2F
2-1: Foul Ball, location: 2F
2-2: Ground out 4-3 (Groundball, 4, EV 102.5 MPH)
Batting: RHB Justin Dunham 0-0: Ball
1-0: Swinging Strike
1-1: SINGLE (Groundball, 4M, EV 106.9 MPH) (infield hit)
Batting: RHB Tony Ledezma 0-0: Ball
1-0: Ball
2-0: Called Strike
2-1: Ball
3-1: Foul Ball, location: 2F
3-2: Foul Ball, location: 2F
3-2: Base on Balls
Justin Dunham to second
Batting: RHB Andy Kelly 0-0: Ball
1-0: Foul Ball, location: 2F
1-1: Ball
Wild Pitch!
Justin Dunham to third
Tony Ledezma to second
2-1: Ball
3-1: Fly out, F7 (Flyball, 7LD, EV 101.2 MPH)
Bottom of the 5th over - 0 runs, 1 hit, 0 errors, 2 left on base; Milwaukee (NYP) 3 - Batavia 1
TOP OF THE 6TH
Milwaukee (NYP) Brewers batting - Pitching for Batavia Muckdogs : RHP Sean Fowler
Pitching: RHP Cesar Jimenez
Batting: RHB Ryan Miller 0-0: Ball
1-0: Swinging Strike
1-1: Foul Ball, location: 2F
1-2: Foul Ball, location: 2F
1-2: Ball
2-2: Ball
3-2: Base on Balls
Batting: RHB Alfredo Sena 0-0: Ball
1-0: Swinging Strike
1-1: Ball
2-1: Foul Ball, location: 2F
2-2: Ball
3-2: Strikes out swinging
Batting: RHB Tony Beaumond 0-0: Ball
1-0: Foul Ball, location: 2F
1-1: Ground out 5-3 (Groundball, 56S, EV 73.1 MPH)
Ryan Miller to second
Batting: RHB Jose Cerritos 0-0: Ball
1-0: Swinging Strike
1-1: Swinging Strike
1-2: Fly out, F8 (Flyball, 89D, EV 109.4 MPH)
Top of the 6th over - 0 runs, 0 hits, 0 errors, 1 left on base; Milwaukee (NYP) 3 - Batavia 1
BOTTOM OF THE 6TH
Batavia Muckdogs batting - Pitching for Milwaukee (NYP) Brewers : RHP Omar Morales
Batting: RHB George Boivin 0-0: SINGLE (Line Drive, 6M, EV 95.0 MPH)
Batting: RHB Hiromitsu Yamada 0-0: Ball
1-0: Ball
2-0: Swinging Strike
2-1: Called Strike
2-2: Ball
3-2: Foul Ball, location: 2F
3-2: Strikes out swinging
Batting: RHB Calvin Morin 0-0: Ball
1-0: Grounds into double play, 6-4-3 (Groundball, 6, EV 88.1 MPH)
Bottom of the 6th over - 0 runs, 1 hit, 0 errors, 0 left on base; Milwaukee (NYP) 3 - Batavia 1
TOP OF THE 7TH
Milwaukee (NYP) Brewers batting - Pitching for Batavia Muckdogs : RHP Cesar Jimenez
Batting: SHB C.J. Olivares 0-0: Ball
1-0: Called Strike
1-1: Ball
2-1: Foul Ball, location: 2F
2-2: Strikes out looking
Batting: RHB Lorenzo Diaz 0-0: Fly out, F9 (Line Drive, 89M, EV 102.5 MPH)
Batting: RHB Chris Riddel 0-0: Ball
1-0: Fly out, F4 (Popup, 13S, EV 90.6 MPH)
Top of the 7th over - 0 runs, 0 hits, 0 errors, 0 left on base; Milwaukee (NYP) 3 - Batavia 1
BOTTOM OF THE 7TH
Batavia Muckdogs batting - Pitching for Milwaukee (NYP) Brewers : RHP Omar Morales
Batting: RHB Jeremy Dennis 0-0: Ground out 5-3 (Groundball, 25, EV 82.5 MPH)
Batting: RHB Rick English 0-0: Called Strike
0-1: Ball
1-1: SINGLE (Line Drive, 5D, EV 97.5 MPH)
Batting: SHB Justin Corbett 0-0: Fly out, F7 (Flyball, 78M, EV 95.6 MPH)
Batting: RHB Justin Dunham 0-0: Ball
1-0: Foul Ball, location: 2F
1-1: Swinging Strike
1-2: Ball
2-2: Foul Ball, location: 2F
2-2: Ball
3-2: Strikes out swinging
Bottom of the 7th over - 0 runs, 1 hit, 0 errors, 1 left on base; Milwaukee (NYP) 3 - Batavia 1
TOP OF THE 8TH
Milwaukee (NYP) Brewers batting - Pitching for Batavia Muckdogs : RHP Cesar Jimenez
Batting: RHB Mohammed bin Ubaida 0-0: Foul Ball, location: 2F
0-1: Ball
1-1: Swinging Strike
1-2: Foul Ball, location: 2F
1-2: Foul Ball, location: 2F
1-2: Strikes out swinging
Batting: LHB Dusty Bryant 0-0: Ball
1-0: Foul Ball, location: 2F
1-1: Called Strike
1-2: Strikes out swinging
Batting: RHB Ryan Miller 0-0: Ball
1-0: Foul Ball, location: 2F
1-1: Foul Ball, location: 2F
1-2: Ball
2-2: Ball
3-2: Ground out 4-3 (Groundball, 34D, EV 101.9 MPH)
Top of the 8th over - 0 runs, 0 hits, 0 errors, 0 left on base; Milwaukee (NYP) 3 - Batavia 1
BOTTOM OF THE 8TH
Batavia Muckdogs batting - Pitching for Milwaukee (NYP) Brewers : RHP Omar Morales
Batting: RHB Tony Ledezma 0-0: Ball
1-0: Foul Ball, location: 2F
1-1: Ground out 3-1 (Groundball, 34, EV 83.1 MPH)
Batting: RHB Andy Kelly 0-0: Called Strike
0-1: Ball
1-1: Swinging Strike
1-2: Ball
2-2: Strikes out looking
Batting: RHB George Boivin 0-0: Ball
1-0: Called Strike
1-1: Foul Ball, location: 2F
1-2: Ball
2-2: Foul Ball, location: 2F
2-2: Foul Ball, location: 2F
2-2: Ball
3-2: Foul Ball, location: 2F
3-2: Fly out, F9 (Flyball, 89S, EV 90.0 MPH)
Bottom of the 8th over - 0 runs, 0 hits, 0 errors, 0 left on base; Milwaukee (NYP) 3 - Batavia 1
TOP OF THE 9TH
Milwaukee (NYP) Brewers batting - Pitching for Batavia Muckdogs : RHP Cesar Jimenez
Batting: RHB Alfredo Sena 0-0: Ball
1-0: Ball
2-0: Ball
3-0: Called Strike
3-1: Foul Ball, location: 2F
3-2: Foul Ball, location: 2F
3-2: Ground out 6-3 (Groundball, 6, EV 105.0 MPH)
Batting: RHB Tony Beaumond 0-0: TRIPLE (Line Drive, 89XD, EV 101.2 MPH)
Pitching: RHP Glen Patterson
Batting: RHB Jose Cerritos 0-0: Called Strike
0-1: Ball
1-1: Called Strike
1-2: Foul Ball, location: 2F
1-2: Ball
2-2: Foul Ball, location: 2F
2-2: DOUBLE (Flyball, 78D, EV 111.9 MPH)
Tony Beaumond scores
Pitching: RHP Victor Delgado
Batting: SHB C.J. Olivares 0-0: Called Strike
0-1: Ball
1-1: Fly out, F8 (Line Drive, 8LD, EV 90.6 MPH)
Batting: RHB Lorenzo Diaz 0-0: Ball
1-0: Called Strike
1-1: Called Strike
1-2: Strikes out swinging
Top of the 9th over - 1 run, 2 hits, 0 errors, 1 left on base; Milwaukee (NYP) 4 - Batavia 1
BOTTOM OF THE 9TH
Batavia Muckdogs batting - Pitching for Milwaukee (NYP) Brewers : RHP Omar Morales
Pitching: RHP Alejandro Souto
Batting: RHB Hiromitsu Yamada 0-0: Called Strike
0-1: Foul Ball, location: 2F
0-2: Strikes out looking
Batting: RHB Calvin Morin 0-0: Ball
1-0: Called Strike
1-1: Ball
2-1: Ground out 4-3 (Groundball, 4MD, EV 104.4 MPH)
Batting: RHB Jeremy Dennis 0-0: SINGLE (Groundball, 6D, EV 108.1 MPH)
Batting: RHB Rick English 0-0: Foul Ball, location: 2F
0-1: Ball
1-1: Called Strike
1-2: DOUBLE (Line Drive, 78XD, EV 105.0 MPH)
Jeremy Dennis to third
Batting: SHB Justin Corbett 0-0: Ball
1-0: Foul Ball, location: 2F
1-1: Foul Ball, location: 2F
1-2: Ground out 2-3 (Groundball, 2L, EV 69.4 MPH)
Bottom of the 9th over - 0 runs, 2 hits, 0 errors, 2 left on base; Milwaukee (NYP) 4 - Batavia 1
Sunday, July 16th , 2023 - OOTP Baseball 24.6 Build 69